 Dungeon Crawl Stone Soup version 0.16.1-5-gaa23807 (webtiles) character file.

374 Radiman the Chopper (level 6, -5/51 HPs)
             Began as a Centaur Fighter on Mar 28, 2015.
             Was a Believer of Zin.
             Shot with an arrow by a centaur (11 damage)
             ... on level 4 of the Dungeon.
             The game lasted 00:20:26 (3796 turns).

Radiman the Chopper (Centaur Fighter)               Turns: 3796, Time: 00:20:27

Health: -5/51      AC: 10    Str: 20    XL:     6   Next: 43%
Magic:  5/5        EV:  6    Int:  7    God:    Zin [**....]
Gold:   137        SH:  8    Dex:  9    Spells: 0 memorised, 5 levels left

rFire  . . .     SeeInvis .     a - +0 war axe
rCold  + . .     Clarity  .     m - +0 ring mail {rC+}
rNeg   . . .     SustAb   .     c - +0 shield
rPois  .         Gourm    .     v - +0 helmet
rElec  .         Spirit   .     y - +2 cloak
rCorr  .         Warding  .     (no gloves)
rMut   .         Stasis   .     (no barding)
MR     .....                    l - amulet of faith
Stlth  +.........               B - ring of stealth
                                o - +2 ring of slaying

@: lethally poisoned (-5 -> -8), very quick, not resistant to hostile
enchantments, very unstealthy
A: hooves 3, deformed body, speed 2, tough skin 3
a: Recite, Vitalisation, Renounce Religion


You were on level 4 of the Dungeon.
You worshipped Zin.
Zin was pleased with you.
You were not hungry.

You visited 2 branches of the dungeon, and saw 6 of its levels.

You collected 152 gold pieces.
You donated 15 gold pieces to Zin.

Inventory:

Hand weapons
 a - a +0 war axe (weapon)
 i - a +0 morningstar
Armour
 c - a +0 shield (worn)
 m - a +0 ring mail of cold resistance (worn)
 v - a +0 helmet (worn)
 y - a +2 cloak (worn)
Jewellery
 l - an amulet of faith (around neck)
 o - a +2 ring of slaying (left hand)
 B - a ring of stealth (right hand)
Magical devices
 t - a wand of slowing (36)
 A - a wand of confusion (36)
Scrolls
 b - a scroll of fear
 k - a scroll of enchant armour {unknown}
 p - a scroll of amnesia
 q - a scroll of recharging
 r - a scroll of fog
 w - a scroll of remove curse
 x - a scroll of teleportation {unknown}
Potions
 e - a potion of might
 f - 2 potions of heal wounds {unknown}
 h - a potion of curing {unknown}
 j - 2 potions of agility {unknown}
 u - a potion of mutation {unknown}
 z - 2 potions of poison {unknown}
Comestibles
 d - 3 bread rations
 g - 3 fruits
 n - a meat ration


   Skills:
 - Level 3.5 Fighting
 * Level 5.7 Axes
 - Level 2.3 Armour
 - Level 0.5 Dodging
 - Level 2.4 Shields


You had 5 spell levels left.
You didn't know any spells.

Dungeon Overview and Level Annotations

Branches:
Dungeon (5/15)             Temple (1/1) D:4

Altars:
Ashenzari
Cheibriados
Dithmenos
Elyvilon
Kikubaaqudgha
Makhleb
Nemelex Xobeh
Okawaru
Ru
Trog
Vehumet
Xom
Yredelemnul
Zin
The Shining One


Innate Abilities, Weirdness & Mutations

You have hooves in place of feet.
Armour fits poorly on your strangely shaped body.
You cover ground very quickly.
You have extremely tough skin (AC +3).


Message History

You feel sick. A mysterious force pulls you upwards.
The hatch slams shut behind you.
The centaur shouts!
You feel sick.
The centaur wields a glowing shortbow.
It bursts into flame!
The centaur shoots an arrow.
You block the arrow.
The centaur shoots an arrow.
You block the arrow.
You see here 2 arrows.
An ogre comes into view. It is wielding a giant club.
The ogre shouts!
The centaur shoots an arrow.
The arrow barely misses you.
The centaur shoots an arrow.
The arrow hits you.
* * * LOW HITPOINT WARNING * * *
The arrow burns you.
* * * LOW HITPOINT WARNING * * *
You see here 2 arrows.
You feel sick.
You feel sick.
You feel sick.
The centaur shoots an arrow.
The arrow hits you!
You die...

..........(#.##.##.#.# #.#
....###.#.c.##.#....########.#
... #.#......#.#........##.# .
#.#....O........###.....
#.#...........#.#......#
#.#......####.#.#.###.## .
#.#.......###.#... #... ..
#.#.##..#.....###. #.## c#.
#.##.@..##..# .. ..# ..### #.
#.#####..# #.### #...# #.#
#..# #.⌠.# ##.# ..#
####..(#####.#.#
#.............# #.⌠".>.†⌠..#.#
#.........!..# ####...#######


You could see an ogre and a centaur.

Vanquished Creatures
  A giant frog (D:3)
  A hound (D:5)
  2 orc priests
  Robin (D:3)
  5 adders
  4 gnolls (D:5)
  5 worms
  3 giant geckos
  2 oozes (D:1)
  6 orcs
  4 bats
  5 giant cockroaches
  16 goblins
  7 hobgoblins
  11 jackals
  8 kobolds
  A giant newt (D:3)
  A quokka zombie (D:5)
  10 rats
93 creatures vanquished.

Notes
Turn   | Place    | Note
--------------------------------------------------------------
     0 | D:1      | Radiman, the Centaur Fighter, began the quest for the Orb.
     0 | D:1      | Reached XP level 1. HP: 19/19 MP: 1/1
    80 | D:1      | Reached XP level 2. HP: 26/26 MP: 2/2
   978 | D:2      | Reached XP level 3. HP: 31/31 MP: 3/3
  1297 | D:2      | Found an ancient bone altar of Kikubaaqudgha.
  1506 | D:3      | Noticed Robin
  1578 | D:3      | Reached XP level 4. HP: 35/38 MP: 3/3
  1593 | D:3      | Killed Robin
  2164 | D:3      | Noticed a giant frog
  2170 | D:3      | Killed a giant frog
  2170 | D:3      | Reached skill level 4 in Axes
  2170 | D:3      | Reached XP level 5. HP: 36/45 MP: 4/4
  2515 | D:4      | Found a staircase to the Ecumenical Temple.
  2531 | Temple   | Entered the Ecumenical Temple
  2586 | Temple   | Became a worshipper of Zin the Law-Giver
  2586 | Temple   | Acquired Zin's first power
  2674 | D:4      | Noticed a centaur
  2921 | D:4      | Found a snail-covered altar of Cheibriados.
  2924 | D:4      | Noticed a slave
  2925 | D:4      | Noticed a slave
  2927 | D:4      | Noticed a slave
  2985 | D:5      | Entered Level 5 of the Dungeon
  3018 | D:5      | Reached skill level 5 in Axes
  3070 | D:5      | Reached XP level 6. HP: 44/51 MP: 5/5
  3463 | D:5      | Acquired Zin's second power
  3604 | D:5      | Noticed an ogre
  3786 | D:4      | Noticed an ogre
  3796 | D:4      | Shot with an arrow by a centaur

Action                   |  1- 3 |  4- 6 || total
-------------------------+-------+-------++-------
Melee: War axe           |   105 |   152 ||   257
  Use: Scroll            |       |     5 ||     5
  Eat: Chunk             |       |     2 ||     2
       Pizza             |       |     1 ||     1
       Beef jerky        |       |     1 ||     1
       Meat ration       |       |     1 ||     1
